 Seeded DCSS version 0.29-a0-284-gf9362112df (webtiles) character file.

Game seed: 20220330 (custom seed)

2072 yunder69 the Protected (level 9, -6/70 HPs)
             Began as a Minotaur Berserker on Mar 30, 2022.
             Was a Priest of Trog.
             Mangled by Menkaure (22 damage)
             ... on level 6 of the Dungeon.
             The game lasted 00:10:41 (7016 turns).

yunder69 the Protected (Minotaur Berserker)         Turns: 7016, Time: 00:10:42

Health: -6/70      AC:  6    Str: 23    XL:     9   Next: 5%
Magic:  8/8        EV: 12    Int:  6    God:    Trog [***...]
Gold:   353        SH:  0    Dex: 11    Spells: 8/8 levels left

rFire   x . .      SeeInvis .   v - +2 halberd (protect)
rCold   + . .      Faith    .   (shield currently unavailable)
rNeg    + . .      Spirit   .   z - +0 troll leather armour
rPois   .          Reflect  .   (helmet restricted)
rElec   .          Harm     .   n - +0 cloak
rCorr   .          Rampage  .   (no gloves)
Will    .....                   (no boots)
Stlth   +.........              (no amulet)
HPRegen 1.01/turn               j - ring of positive energy
MPRegen 0.11/turn               p - ring of ice

@: on berserk cooldown, slowed, very slow
A: horns 2, retaliatory headbutt
a: Renounce Religion, Berserk, Trog's Hand


You were on level 6 of the Dungeon.
You worshipped Trog.
Trog was most pleased with you.
You visited 1 branch of the dungeon, and saw 6 of its levels.

You collected 353 gold pieces.

Inventory:

Hand Weapons
 a - a +0 hand axe
 m - a +4 quarterstaff of chaos
 u - a +0 halberd
 v - a +2 halberd of protection (weapon)
Missiles
 h - 4 poisoned darts (quivered)
 r - 3 throwing nets
 s - 9 boomerangs
Armour
 k - a +3 chain mail of poison resistance
 n - a +0 cloak (worn)
 z - a +0 troll leather armour (worn)
Jewellery
 j - a ring of positive energy (left hand)
 p - a ring of ice (right hand)
Scrolls
 b - 2 scrolls of silence {unknown}
 f - a scroll of torment {unknown}
 i - 2 scrolls of blinking {unknown}
 w - a scroll of enchant weapon {unknown}
 x - a scroll of amnesia {unknown}
 y - a scroll of summoning {unknown}
 A - a scroll of teleportation {unknown}
 C - a scroll of fear {unknown}
 E - a scroll of identify
Potions
 c - a potion of mutation {unknown}
 d - a potion of cancellation {unknown}
 e - 3 potions of attraction
 g - 2 potions of curing
 l - a potion of resistance
 o - a potion of might
 q - 2 potions of haste
 t - a potion of flight {unknown}
 B - a potion of ambrosia
 D - 2 potions of lignification
 F - a potion of heal wounds {unknown}


   Skills:
 - Level 3.6 Fighting
 - Level 6.9(8.4) Axes
 + Level 7.5(9.8) Polearms
 - Level 7.0(8.5) Staves
 + Level 8.0 Armour
 - Level 2.1 Dodging


You had 8 spell levels left.
You didn't know any spells.
Your spell library was empty.

Dungeon Overview and Level Annotations

Branches:
Dungeon (6/15)             Temple (0/1) D:4

Altars:
Fedhas
Kikubaaqudgha
Makhleb

Shops:
D:5 :

Annotations:
D:6 Menkaure


Innate Abilities, Weirdness & Mutations

You have a pair of horns on your head.
You reflexively headbutt those who attack you in melee.


Message History

You feel yourself moving faster!
You feel mighty! The orc hits you but does no damage.
You closely miss the orc.
The orc is lightly wounded.
Menkaure calls on the powers of darkness!
The orc wizard convulses!
The orc convulses!
Your body is wracked with pain!
The orc hits you but does no damage.
You are too injured to fight recklessly!
You are too injured to fight recklessly!
You are too injured to fight recklessly!
You slash the orc!
You kill the orc!
Trog accepts your kill.
You are too berserk!
You feel a strong urge to attack something.
You feel your anger nearly subside.
You are no longer berserk.
You are exhausted.
You feel yourself slow down.
The orc wizard gestures wildly while chanting.
The orc wizard flickers and vanishes!
Deactivating autopickup; reactivate with Ctrl-A.
Found a quarterstaff.
You feel the effects of Trog's Hand fading.
Menkaure calls on the powers of darkness!
Something is bathed in an unholy light!
Your body is wracked with pain!
Menkaure calls on the powers of darkness!
Something is bathed in an unholy light!
Your body is wracked with pain!
* * * LOW HITPOINT WARNING * * *
Found a potion of curing.
A magic dart appears from out of thin air!
The magic dart hits you!
* * * LOW HITPOINT WARNING * * *
Menkaure mumbles some strange words.
Menkaure seems to speed up.
A magic dart appears from out of thin air!
The magic dart hits you!
* * * LOW HITPOINT WARNING * * *
Your skin stops crawling.
You feel less strong-willed. Menkaure hits you!!
You die...

... .............
..# .##..........
..## ## ..!.....
...###
#.....######......
#.....).......≈≈≈
#............≈..
#............≈.≈
#....{.M@....≈.≈
#..#######...≈.≈
##..# ..≈.. #{.##
.≈≈≈ #..# ..≈ #.{#
.≈ #..# ≈ #..# ##
####..#


You could see Menkaure (fast).

Vanquished Creatures
  Pikel (D:5)
  A troll (D:5)
  A water moccasin (D:6)
  An orc warrior (D:6)
  An ice beast (D:6)
  An ogre (D:5)
  A centaur (D:5)
  2 scorpions
  A necrophage (D:4)
  A water moccasin zombie (D:3)
  A gnoll shaman (D:5)
  Crazy Yiuf (D:2)
  A hound (D:4)
  Jessica (D:3)
  A scorpion zombie (D:3)
  Terence (D:2)
  3 iguanas
  5 orc wizards (D:5)
  A hound skeleton (D:3)
  13 gnolls
  8 adders
  2 adder zombies (D:3)
  2 worms
  3 dart slugs (D:1)
  13 orcs
  11 ball pythons
  5 endoplasms
  2 giant cockroaches (D:2)
  2 goblins
  11 hobgoblins
  8 jackals
  4 quokkas
  5 bats
  4 frilled lizards
  8 kobolds
  A quokka skeleton (D:3)
  3 rats
131 creatures vanquished.

Vanquished Creatures (others)
  2 plants (D:1)
  3 withered plants (D:3)
5 creatures vanquished.

Grand Total: 136 creatures vanquished

Notes
Turn   | Place    | Note
-------+----------+-------------------------------------------
     0 | D:1      | yunder69 the Minotaur Berserker began the quest for the
                  | Orb.
     0 | D:1      | Reached XP level 1. HP: 19/19 MP: 0/0
   257 | D:1      | Reached XP level 2. HP: 26/26 MP: 1/1
   261 | D:1      | Found a faded altar of an unknown god.
   995 | D:1      | Reached skill level 5 in Axes
  1317 | D:2      | Reached XP level 3. HP: 31/31 MP: 2/2
  1344 | D:2      | Found a runed translucent door.
  1345 | D:2      | Noticed Crazy Yiuf
  1379 | D:2      | Reached ** piety under Trog
  1802 | D:2      | Reached XP level 4. HP: 25/39 MP: 3/3
  1918 | D:2      | Found an ancient bone altar of Kikubaaqudgha.
  1954 | D:2      | Noticed Terence
  1975 | D:2      | Killed Terence
  2544 | D:2      | Killed Crazy Yiuf
  3202 | D:3      | Reached XP level 5. HP: 45/45 MP: 4/4
  3298 | D:3      | Reached XP level 6. HP: 46/51 MP: 5/5
  3441 | D:3      | Found a blossoming altar of Fedhas.
  3539 | D:3      | Noticed Jessica
  3543 | D:3      | Killed Jessica
  3576 | D:3      | Reached skill level 5 in Staves
  4157 | D:4      | Reached XP level 7. HP: 57/57 MP: 6/6
  4191 | D:4      | Found a staircase to the Ecumenical Temple.
  4264 | D:4      | Found a burning altar of Makhleb.
  4264 | D:4      | Noticed a blizzard demon
  4273 | D:4      | Noticed an orange demon
  4273 | D:4      | Noticed a ynoxinul
  4715 | D:5      | Entered Level 5 of the Dungeon
  4722 | D:5      | Reached skill level 1 in Polearms
  4724 | D:5      | Noticed a troll
  4729 | D:5      | Killed a troll
  4730 | D:5      | Reached skill level 4 in Armour
  4945 | D:5      | Reached XP level 8. HP: 64/64 MP: 7/7
  4947 | D:5      | Reached *** piety under Trog
  4948 | D:5      | Reached skill level 5 in Armour
  5130 | D:5      | Found Hylo's Book Emporium.
  5384 | D:5      | Reached skill level 5 in Polearms
  5585 | D:6      | Noticed Pikel
  5597 | D:5      | Killed Pikel
  5598 | D:5      | Reached skill level 7 in Armour
  6955 | D:6      | Reached skill level 8 in Armour
  6955 | D:6      | Reached XP level 9. HP: 61/70 MP: 8/8
  6989 | D:6      | Noticed Menkaure
  7016 | D:6      | Mangled by Menkaure

Illustrated notes

Levels and vault maps discovered:
D:1:      saegor_arrival_simple_d, layout_loops_ring, serial_forest,
          infiniplex_forest_3_way, infiniplex_forest_lined_ring,
          infiniplex_forest_clump_small, infiniplex_forest_3_way,
          infiniplex_forest_lined_corner, infiniplex_forest_clump_diagonal,
          infiniplex_forest_straight_4, infiniplex_forest_clump_cross,
          shapermc_ecumenical_altar_rom_forum, minmay_parallelograms
D:2:      layout_basic, basic_altar, minmay_pentomino_r4, uniq_terence,
          uniq_crazy_yiuf_cottage
D:3:      minmay_diamond_boxcup, layout_rooms, mainiacjoe_overflow_tiny_flanked,
          serial_undead, serial_undead_a, serial_undead_d, serial_undead_b,
          serial_undead_b, serial_undead_e, serial_undead_b,
          dreamdust_wishing_well, uniq_jessica
D:4:      layout_basic, makhleb_altar_promises_db, temple_green,
          kennysheep_windowed_goal
D:5:      layout_basic, serial_shops, nicolae_shop_trees, due_unseen_surprise
D:6:      layout_layer_cave, mainiacjoe_overflow_catwalk_spiral, uniq_menkaure,
          uniq_pikel

Skill      XL: |  1  2  3  4  5  6  7  8 |
---------------+-------------------------+-----
Axes           | 4 5 6 |  6.9
Staves         | 4 6 7 |  7.0
Polearms       | 3 7 |  7.5
Armour         | 4 8 |  8.0
Fighting       | |  3.6
Dodging        | |  2.1

Action                   |  1- 3 |  4- 6 |  7- 9 || total
-------------------------+-------+-------+-------++-------
Melee: Hand axe          |    88 |    41 |       ||   129
       Headbutt          |     5 |    17 |    23 ||    45
       Punch             |     1 |     1 |       ||     2
       Quarterstaff      |       |    76 |    12 ||    88
       Halberd           |       |       |   137 ||   137
Invok: Berserk           |       |     2 |     4 ||     6
       Trog's Hand       |       |     1 |     5 ||     6
  Use: Scroll            |       |       |     7 ||     7
 Stab: Confused          |       |       |     1 ||     1
Armor: Animal skin       |     7 |       |       ||     7
       Scale mail        |    18 |     6 |       ||    24
       Chain mail        |       |    68 |    23 ||    91
       Troll leather arm |       |       |    52 ||    52
Dodge: Dodged            |    58 |    51 |    61 ||   170

Table legend: (Time is in decaauts)
 A = Elapsed time spent in this place.
 B = Non-inter-level travel time spent in this place.
 C = Inter-level travel time spent in this place.
 D = Time resting spent in this place.
 E = Time spent auto-exploring this place.
 F = Levels seen in this place.
 G = Mean time per level.
                   A        B        C        D        E       F      G
               +--------+--------+--------+--------+--------+-----+--------+
         Total |   7093 |   6664 |    429 |   1736 |   3851 |   6 | 1182.2 |
       Dungeon |   7093 |   6664 |    429 |   1736 |   3851 |   6 | 1182.2 |
               +--------+--------+--------+--------+--------+-----+--------+

Top non-repeatable levels by time:
     D:2: 1975 daAuts
     D:5: 1568 daAuts
     D:1: 1217 daAuts
     D:4: 934 daAuts
     D:6: 773 daAuts
     D:3: 623 daAuts
